 Dungeon Crawl Stone Soup version 0.27-a0-262-gc50aac273e (webtiles) character file.

Game seed: 15254782595436507687

107 Borgoz the Ducker (level 4, -3/38 HPs)
             Began as a Ghoul Gladiator on Feb 5, 2021.
             Slain by a leopard gecko (4 damage)
             ... on level 3 of the Dungeon.
             The game lasted 00:01:55 (2682 turns).

Borgoz the Ducker (Ghoul Gladiator)                 Turns: 2682, Time: 00:01:55

Health: -3/38      AC:  4    Str: 17    XL:     4   Next: 86%
Magic:  3/3        EV: 12    Int:  3    God:
Gold:   72         SH:  0    Dex: 11    Spells: 3/3 levels left

rFire    . . .     SeeInvis .   a - +1 long sword
rCold    + . .     Faith    .   (no shield)
rNeg     + + +     Spirit   .   b - +0 leather armour
rPois    ∞         Reflect  .   c - +0 helmet
rElec    .         Harm     .   (no cloak)
rCorr    .         Rampage  .   (no gloves)
Will     .....                  (no boots)
Stlth    +.........             (no amulet)
HPRegen  0.00/turn              (no ring)
MPRegen  0.08/turn              (no ring)

@: no status effects
A: claws 1, cold resistance 1, negative energy resistance 3, inhibited
regeneration, torment resistance, unbreathing
a: no special abilities


You were on level 3 of the Dungeon.
You visited 1 branch of the dungeon, and saw 3 of its levels.

You collected 72 gold pieces.

Inventory:

Hand Weapons
 a - a +1 long sword (weapon)
Missiles
 d - 3 throwing nets (quivered)
Armour
 b - a +0 leather armour (worn)
 c - a +0 helmet (worn)
Jewellery
 r - an uncursed amulet of reflection {unknown}
Scrolls
 j - a scroll of fog
 k - 3 scrolls of identify {unknown}
 q - a scroll of noise {unknown}
Potions
 l - a potion of magic {unknown}
 m - a potion of resistance {unknown}
 n - a potion of lignification {unknown}
 p - a potion of brilliance {unknown}


   Skills:
 + Level 3.2 Fighting
 + Level 3.3 Long Blades
 - Level 1.7 Throwing
 + Level 1.7 Armour
 + Level 3.3 Dodging


You had 3 spell levels left.
You didn't know any spells.
Your spell library was empty.

Dungeon Overview and Level Annotations

Branches:
Dungeon (3/15)

Altars:
Ru

Annotations:
D:3 Natasha


Innate Abilities, Weirdness & Mutations

You thrive by killing the living.
You are immune to poison.
You have sharp fingernails.
Your flesh is cold resistant. (rC+)
You are immune to negative energy. (rN+++)
You do not regenerate when monsters are visible.
You are immune to unholy pain and torment.
You can survive without breathing.


Message History

You slash the adder!
The adder is almost dead.
The leopard gecko barely misses you. The adder bites you.
* * * LOW HITPOINT WARNING * * *
The leopard gecko bites you but does no damage.
You hit the adder but do no damage.
The adder is severely wounded.
The adder barely misses you. The leopard gecko bites you.
* * * LOW HITPOINT WARNING * * *
The adder bites you.
* * * LOW HITPOINT WARNING * * *
You barely miss the adder.
The adder is severely wounded.
The leopard gecko bites you.
* * * LOW HITPOINT WARNING * * *
The adder closely misses you.
You riposte.
You miss the adder.
The adder is severely wounded.
Natasha casts a spell.
The leopard gecko bites you.
You die...

***,*****##<......##.# *,*,*
**,,,,<,,...(...5.#*.# *,*,*
**,,,,,,,(......o###.###,*,*
**,,,,,,,...............,,,*
**,,,,,,,......#h#######****
**,,,,,,,#######h#
**,,,,,,,* #h# **********
#l# * #@# * #S# * #.# *
*#<#** * *...,* * *...,*
*$..,* #....*
*,,,,**************


You could see an orc wizard, Natasha, an adder, a white imp (summoned), a
leopard gecko and 2 jackals.

Vanquished Creatures
  6 adders
  An ooze (D:2)
  An adder skeleton (D:3)
  A dart slug (D:2)
  A worm (D:2)
  A leopard gecko (D:3)
  2 orcs (D:3)
  8 bats
  6 goblins
  4 hobgoblins
  4 kobolds
  3 frilled lizards
  7 rats
45 creatures vanquished.

Notes
Turn   | Place    | Note
-------+----------+-------------------------------------------
     0 | D:1      | Borgoz the Ghoul Gladiator began the quest for the Orb.
     0 | D:1      | Reached XP level 1. HP: 17/17 MP: 0/0
   364 | D:1      | Reached XP level 2. HP: 25/25 MP: 1/1
  1200 | D:2      | Found a sacrificial altar of Ru.
  1280 | D:2      | Reached skill level 1 in Armour
  1280 | D:2      | Reached XP level 3. HP: 19/30 MP: 2/2
  1611 | D:2      | Reached XP level 4. HP: 32/38 MP: 3/3
  2638 | D:3      | Noticed Natasha
  2682 | D:3      | HP: 1/38 [leopard gecko (1)]
  2682 | D:3      | Slain by a leopard gecko

Illustrated notes

Levels and vault maps discovered:
D:1:      amcnicky_arrival_double_pillar, layout_loops_corners
D:2:      layout_basic, nicolae_ru_sacrificial_ziggurat
D:3:      layout_basic, cheibrodos_sewer_entry_bend, minmay_between,
          uniq_natasha

Skill      XL: |  1  2  3 |
---------------+----------+-----
Dodging        | 3 |  3.3
Long Blades    | 3 |  3.3
Armour         | 1 |  1.7
Fighting       | 3 |  3.2
Throwing       | |  1.7

Action                   |  1- 3 |  4- 6 || total
-------------------------+-------+-------++-------
Melee: Long sword        |    80 |    66 ||   146
  Use: Scroll            |       |     5 ||     5
       Potion            |       |     3 ||     3
Armor: Leather armour    |    25 |    21 ||    46
Dodge: Dodged            |    55 |    50 ||   105
       Rpst.: Long sword |    19 |    19 ||    38

Table legend: (Time is in decaauts)
 A = Elapsed time spent in this place.
 B = Non-inter-level travel time spent in this place.
 C = Inter-level travel time spent in this place.
 D = Time resting spent in this place.
 E = Time spent auto-exploring this place.
 F = Levels seen in this place.
 G = Mean time per level.
                   A        B        C        D        E       F      G
               +--------+--------+--------+--------+--------+-----+--------+
         Total |   2705 |   2593 |    112 |    370 |   1819 |   3 |  901.7 |
       Dungeon |   2705 |   2593 |    112 |    370 |   1819 |   3 |  901.7 |
               +--------+--------+--------+--------+--------+-----+--------+

Top non-repeatable levels by time:
     D:2: 1377 daAuts
     D:1: 1138 daAuts
     D:3: 189 daAuts
